 Dungeon Crawl Stone Soup version 0.25.1-2-g60ff931df9 (webtiles) character file.

Game seed: 15084027878327734780

187 protoss039 the Magician (level 5, -1/28 HPs)
             Began as a Deep Elf Earth Elementalist on Aug 9, 2020.
             Slain by a swamp drake (shapeshifter) (10 damage)
             ... on level 4 of the Dungeon.
             The game lasted 00:05:10 (2773 turns).

protoss039 the Magician (DEEE)                      Turns: 2773, Time: 00:05:11

Health: -1/28      AC:  5    Str:  5    XL:     5   Next: 39%
Magic:  7/14       EV: 13    Int: 21    God:
Gold:   126        SH:  0    Dex: 15    Spells: 4/14 levels left

rFire    . . .     SeeInvis .   n - +3 quarterstaff (chaos)
rCold    . . .     Gourm    .   (shield currently unavailable)
rNeg     . . .     Faith    .   c - +0 robe
rPois    .         Spirit   .   (no helmet)
rElec    .         Reflect  .   o - +1 cloak
rCorr    .         Harm     .   f - +0 pair of gloves (curse)
MR       .....                  (no boots)
Stlth    +.........             (no amulet)
HPRegen  0.09/turn              (no ring)
MPRegen  0.14/turn              (no ring)

@: confused
A: no striking features
a: no special abilities


You were on level 4 of the Dungeon.
You were not hungry.

You visited 1 branch of the dungeon, and saw 4 of its levels.

You collected 126 gold pieces.

Inventory:

Hand Weapons
 n - a +3 quarterstaff of chaos (weapon)
Missiles
 b - 87 stones (quivered)
Armour
 c - a +0 robe (worn)
 f - a cursed +0 pair of gloves (worn)
 o - a +1 cloak (worn)
Jewellery
 e - an uncursed ring of flight {unknown}
Wands
 a - a wand of random effects (15)
Scrolls
 g - 4 scrolls of teleportation {unknown}
 h - 4 scrolls of identify {unknown}
 i - a scroll of immolation {unknown}
 l - a scroll of amnesia {unknown}
 m - 2 scrolls of remove curse {unknown}
 r - a scroll of noise {unknown}
Potions
 j - 3 potions of curing {unknown}
 k - 2 potions of stabbing {unknown}
 p - a potion of brilliance {unknown}
Comestibles
 d - 6 rations
 q - a chunk of flesh


   Skills:
 - Level 3.0 Dodging
 - Level 3.0 Stealth
 + Level 5.4 Spellcasting
 - Level 1.1 Transmutations
 + Level 5.1 Earth Magic


You had 4 spell levels left.
You knew the following spells:

 Your Spells              Type           Power        Failure   Level  Hunger
a - Sandblast             Erth           ####..       1%          1    None
b - Passwall              Tmut/Erth      ###.....     4%          2    None
c - Stone Arrow           Conj/Erth      ###...       11%         3    ##.....
d - Petrify               Tmut/Erth      ###.....     28%         4    ####...

Your spell library contained the following spells:

 Spells                   Type           Power        Failure   Level  Hunger
 Lee's Rapid Deconstruct  Erth           ####......   34%         5    #####..


Dungeon Overview and Level Annotations

Branches:
Dungeon (4/15)
 Temple: D:4-7

Altars:


Message History

The spell is quite dangerous to cast (11% risk of failure)!
Continue anyway?
Aiming: Stone Arrow (quite dangerous; 11% risk of failure)
Press: ? - help, Shift-Dir - straight line, f/p - swamp drake
Aim: a swamp drake (noxious fumes, almost dead, catching its breath)
The stone arrow misses the swamp drake.
You are engulfed in noxious fumes.
The swamp drake bites you.
Casting: Stone Arrow (quite dangerous; 11% risk of failure)
Confirm with . or Enter, or press ? or * to list all spells.
Aiming: Sandblast (safe; 1% risk of failure)
Press: ? - help, Shift-Dir - straight line, f/p - swamp drake
Aim: a swamp drake (noxious fumes, almost dead, catching its breath)
The blast of sand misses the swamp drake.
b - 87 stones You are engulfed in noxious fumes.
You choke on the stench!
You are confused.
The swamp drake bites you but does no damage.
You're too confused to cast spells.
Unknown command.
You bump into the rock wall.
The swamp drake bites you!
You die...

....# ##...# .....
#...# #...# .
#...#####...
#..k.......$
#...@.......
##..#########
+...........
#..#.#########
##............
###.#.###########
#.#...........#
#.#.###.#.#.......
#.#.#...#.#.#.#.#.


You could see a swamp drake.

Vanquished Creatures
  A crimson imp (D:3)
  Crazy Yiuf (D:2)
  A worker ant (D:2)
  2 adders (D:2)
  An ooze (D:1)
  2 worms
  3 dart slugs
  4 leopard geckos
  2 ball pythons (D:1)
  3 giant cockroaches
  10 goblins
  4 hobgoblins
  A quokka (D:3)
  8 bats
  2 frilled lizards (D:1)
  5 kobolds
  18 rats
68 creatures vanquished.

Notes
Turn   | Place    | Note
-------+----------+-------------------------------------------
     0 | D:1      | protoss039 the Deep Elf Earth Elementalist began the quest
                  | for the Orb.
     0 | D:1      | Reached XP level 1. HP: 10/10 MP: 6/6
   154 | D:1      | Reached XP level 2. HP: 9/15 MP: 6/8
   502 | D:1      | Reached XP level 3. HP: 19/19 MP: 0/9
   886 | D:1      | Learned a level 2 spell: Passwall
   890 | D:1      | Learned a level 3 spell: Stone Arrow
  1109 | D:2      | Found a runed translucent door.
  1110 | D:2      | Noticed Crazy Yiuf
  1209 | D:2      | Reached XP level 4. HP: 24/24 MP: 10/12
  1904 | D:2      | Learned a level 4 spell: Petrify
  1907 | D:2      | Killed Crazy Yiuf
  1907 | D:2      | Reached XP level 5. HP: 16/28 MP: 7/14
  2177 | D:3      | Found a faded altar of an unknown god.
  2191 | D:3      | Reached skill level 5 in Spellcasting
  2604 | D:3      | Reached skill level 5 in Earth Magic
  2763 | D:4      | Noticed a shapeshifter
  2763 | D:4      | a leopard gecko changed into a shapeshifter
  2763 | D:4      | Noticed a warg
  2763 | D:4      | a shapeshifter changed into a warg
  2764 | D:4      | Noticed a wyvern
  2764 | D:4      | a warg changed into a wyvern
  2767 | D:4      | Noticed a swamp drake
  2773 | D:4      | Slain by a swamp drake (shapeshifter)

Illustrated notes

Levels and vault maps discovered:
D:1:      wheals_arrival_shading, layout_basic, minmay_tetromino_i4
D:2:      layout_loops_ring, uniq_crazy_yiuf_cottage
D:3:      layout_loops_ring, chequers_ecumenical_altar_simple,
          kennysheep_generic_room_6
D:4:      minmay_spotlight, layout_basic, lemuel_crystal_altar,
          grunt_qazlal_sundering, amethyst_overflow_temple_binary, serial_shops,
          nicolae_shop_statue_plus, shop_fountains, first_ration,
          nicolae_ru_sacrificial_ziggurat

Skill      XL: |  1  2  3  4  5 |
---------------+----------------+-----
Stealth        | 3 |  3.0
Earth Magic    | 4 5 |  5.1
Dodging        | 3 |  3.0
Spellcasting   | 4 5 |  5.4
Transmutations | |  1.1

Action                   |  1- 3 |  4- 6 || total
-------------------------+-------+-------++-------
Melee: Dagger            |    28 |       ||    28
       Unarmed           |     3 |       ||     3
       Short sword       |       |    21 ||    21
       Quarterstaff      |       |    43 ||    43
 Cast: Sandblast         |    41 |    22 ||    63
       Stone Arrow       |       |     4 ||     4
Evoke: Wand              |       |     1 ||     1
 Stab: Sleeping          |     2 |     7 ||     9
       Petrified         |       |    10 ||    10
       Paralysed         |       |     1 ||     1
  Eat: Chunk             |     1 |     5 ||     6
Armor: Robe              |    15 |    13 ||    28
Dodge: Dodged            |    36 |    46 ||    82
